Map: Efflorescence LE

Players

amx

  • Race: Terran Terran
  • League: Diamond
  • Spawn Location: 9:00

PumkY

  • Race: Zerg Zerg
  • League: Diamond
  • Spawn Location: 6:00

Massa - Winner!

  • Race: Terran Terran
  • League: Platinum
  • Spawn Location: 12:00

qqq - Winner!

  • Race: Zerg Zerg
  • League: Platinum
  • Spawn Location: 3:00

VOD

Have the link to the VOD?

Description

Time

  • Played on: Jan. 19, 2021, 2:50 p.m.
  • Length: 8:14
Show
View Real Time Build Order
Export as new Build Order

amx Terran 

Build Orders: 1/1/1, Liberator Opening 

Get SALT Encoding   

  12  0:00  SCV  
  13  0:12  SCV  
  14  0:18  Supply Depot  
  14  0:27  Refinery  
  15  0:28  SCV  
  15  0:40  SCV  
  16  0:46  Barracks  
  16  0:55  Refinery  
  16  0:58  SCV  
  17  1:10  SCV  
  18  1:22  SCV  
  19  1:34  Factory  
  19  1:35  Reaper  
  20  1:40  Orbital Command  
  20  1:49  Supply Depot  
  20  2:07  SCV, Reaper  
  22  2:18  Hellion  
  22  2:20  Starport  
  24  2:39  Reaper  
  25  2:44  Hellion  
  25  2:48  Supply Depot  
  26  3:04  Liberator  
  29  3:06  Hellion  
  29  3:11  Reaper  
  29  3:35  Factory Tech Lab  
  29  3:39  SCV  
  26  3:43  Barracks Reactor  
  26  4:21  Liberator, Siege Tank  
  26  4:22  Marine x2  
  30  4:26  Barracks  
  30  4:28  Command Center  
  30  4:42  Marine x2  
  31  4:53  Siege Tank  
  34  5:00  Marine x2  
  33  5:25  Marine x2  
  34  5:34  SCV  
  32  5:36  Barracks Tech Lab  
  32  5:37  Siege Tank  
  32  5:38  Starport Reactor  
  32  5:39  Command Center  
  35  5:43  Marine  
  35  5:49  Orbital Command  
  36  5:55  Marine  
  36  5:56  Marine  
  38  6:04  Marine  
  39  6:13  Marine  
  39  6:16  Medivac x2  
  44  6:18  Siege Tank  
  44  6:21  Orbital Command, Marine  
  44  6:22  Marine  
  38  7:14  Marine x3  
  38  7:15  Siege Tank  
  44  7:16  Medivac x2  
  48  7:31  Marine  
  48  7:32  Marine x2  
  45  7:49  Marine x2  
Show
View Real Time Build Order
Export as new Build Order

PumkY Zerg 

Build Orders: Pool First 

Get SALT Encoding   

  12  0:00  Drone  
  13  0:13  Overlord  
  13  0:18  Drone  
  14  0:31  Drone x2  
  16  0:46  Spawning Pool  
  16  0:49  Drone, Extractor  
  15  0:51  Drone  
  16  0:58  Drone  
  17  1:17  Hatchery  
  16  1:24  Drone x2  
  18  1:33  Overlord  
  18  1:39  Zergling x2  
  19  1:52  Zergling x2  
  20  1:58  Metabolic Boost  
  20  2:00  Zergling x2  
  21  2:05  Queen  
  23  2:11  Zergling x2  
  24  2:22  Zergling x2  
  25  2:29  Zergling x2  
  26  2:35  Zergling x2  
  27  2:38  Queen  
  27  2:40  Zergling x2  
  30  2:47  Zergling x2  
  30  2:51  Zergling x2  
  32  2:54  Overlord  
  32  3:05  Zergling x4  
  30  3:13  Zergling x6  
  30  3:14  Zergling x2  
  30  3:19  Zergling x2  
  34  3:25  Zergling x2  
  35  3:28  Overlord  
  35  3:38  Overlord  
  35  3:46  Zergling x2  
  35  3:47  Zergling x2  
  37  3:51  Baneling Nest  
  37  3:52  Zergling x2  
  37  3:58  Overlord  
  36  4:06  Zergling x4  
  38  4:22  Zergling x4  
  32  4:25  Zergling x6  
  33  4:31  Zergling x2  
  33  4:32  Zergling x2  
  33  4:35  Zergling x2  
  32  4:40  Zergling x2  
  32  4:44  Zergling x2  
  25  4:47  Zergling x2  
  16  4:53  Zergling x2  
Show
View Real Time Build Order
Export as new Build Order

Massa Terran - Winner!

Build Orders:  

Get SALT Encoding   

  12  0:00  SCV  
  13  0:12  SCV  
  14  0:18  Supply Depot  
  14  0:24  SCV  
  15  0:40  SCV, Barracks  
  16  0:52  SCV  
  17  0:57  Supply Depot  
  17  1:04  SCV  
  17  1:06  Barracks  
  18  1:16  SCV  
  19  1:21  Refinery  
  19  1:27  Barracks  
  19  1:30  Marine  
  20  1:35  SCV  
  21  1:48  Marine  
  21  1:50  Orbital Command  
  21  1:54  Marine  
  23  2:07  Marine  
  24  2:11  Marine  
  24  2:14  Barracks Tech Lab  
  25  2:23  Supply Depot  
  25  2:25  Marine  
  26  2:32  Marine  
  26  2:34  Stimpack  
  26  2:35  Marine  
  28  2:43  Marine  
  28  2:49  Marine  
  29  2:53  Marine  
  30  3:00  Marine  
  31  3:07  Marine  
  31  3:11  Marauder  
  32  3:18  Marine  
  32  3:25  Marine  
  33  3:33  Marauder, Supply Depot  
  35  3:36  Marine  
  36  3:43  Marine  
  37  3:54  Marauder, Marine  
  40  4:01  Marine  
  40  4:12  Marine  
  40  4:15  Marauder  
  43  4:19  Marine  
  43  4:30  Marine  
  44  4:37  Marauder  
  45  4:39  Marine  
  45  4:48  Marine  
  45  4:57  Marine  
  46  5:04  Marauder  
  46  5:06  Marine  
  46  5:12  Supply Depot  
  46  5:13  Command Center  
  46  5:15  Marine  
  46  5:18  Combat Shield  
  46  5:19  Factory  
  44  5:23  Marine  
  44  5:25  Marauder  
  47  5:34  Marine  
  48  5:41  Marine  
  49  5:46  Marauder  
  50  5:54  SCV  
  51  6:00  Refinery  
  51  6:03  Engineering Bay  
  51  6:05  Starport  
  51  6:06  SCV  
  52  6:12  Factory Tech Lab  
  52  6:18  SCV  
  53  6:33  Missile Turret  
  53  6:39  Siege Tank  
  56  6:56  Orbital Command  
  56  6:57  SCV  
  43  7:10  SCV  
  43  7:14  Medivac  
  40  7:17  Marauder, Marine x2  
  40  7:22  SCV  
  45  7:34  SCV  
  45  7:38  Marauder  
  43  7:46  Marine x2  
  42  8:04  Refinery  
  50  8:06  Refinery  
Show
View Real Time Build Order
Export as new Build Order

qqq Zerg - Winner!

Build Orders: 1 Base Baneling Bust, Pool First 

Get SALT Encoding   

  12  0:00  Drone  
  13  0:08  Drone  
  14  0:17  Overlord  
  14  0:20  Extractor  
  13  0:39  Spawning Pool  
  13  0:41  Drone  
  13  0:46  Drone  
  14  0:50  Drone  
  15  0:57  Drone  
  16  1:05  Drone  
  17  1:17  Drone  
  18  1:26  Metabolic Boost  
  18  1:29  Overlord  
  18  1:35  Drone  
  19  1:43  Queen  
  22  1:47  Zergling x2  
  22  1:57  Zergling x2  
  23  2:07  Baneling Nest  
  22  2:09  Zergling x2  
  23  2:20  Zergling x2  
  24  2:29  Zergling x2  
  25  2:37  Hatchery  
  24  2:44  Zergling x2  
  25  2:52  Zergling x2  
  26  3:03  Lair  
  26  3:04  Drone  
  26  3:05  Zergling x4  
  29  3:22  Zergling x2  
  30  3:44  Baneling x2  
  30  3:45  Overlord  
  30  3:46  Overlord x3  
  27  4:25  Zergling x10  
  27  4:26  Zergling x2  
  27  4:28  Drone x3  
  36  4:33  Spire  
  35  4:41  Zergling x2  
  35  4:42  Zergling x2  
  36  4:52  Zergling x2  
  36  4:53  Zergling x2  
  37  5:04  Zergling x2  
  37  5:05  Drone  
  39  5:10  Extractor, Drone  
  38  5:32  Drone x2  
  38  5:37  Drone  
  38  5:38  Drone  
  38  5:41  Drone  
  38  5:42  Queen  
  43  5:45  Extractor  
  43  5:47  Mutalisk x3  
  46  5:57  Zergling x2  
  46  5:58  Drone  
  46  5:59  Drone  
  49  6:14  Mutalisk  
  49  6:17  Drone  
  49  6:18  Drone  
  53  6:20  Drone, Overlord x2  
  54  6:30  Infestation Pit  
  54  6:32  Drone  
  54  6:34  Overlord  
  54  6:40  Extractor  
  43  6:51  Mutalisk  
  37  7:09  Mutalisk x2  
  37  7:13  Drone x3  
  44  7:24  Zergling x2  
  44  7:25  Zergling x6  
  48  7:35  Mutalisk  
Tags
 
Add a new tag
Caveats
  • Supply blocks, unpowered buildings, or Contaminate may cause inaccurate times.
  • Supply counts are checked every 10 seconds.